 Dungeon Crawl Stone Soup version 0.25.0-46-gbd7b0854d2 (webtiles) character file.

Game seed: 5471218232586237381

95 ennui the Digger (level 4, 0/41 HPs)
             Began as a Troll Earth Elementalist on July 17, 2020.
             Killed by nerve-wracking pain
             ... invoked by Jessica
              (13 damage)
             ... on level 2 of the Dungeon.
             The game lasted 00:01:54 (746 turns).

ennui the Digger (Troll Earth Elementalist)          Turns: 746, Time: 00:01:55

Health: 0/41       AC:  6    Str: 17    XL:     4   Next: 40%
Magic:  5/5        EV: 10    Int: 11    God:
Gold:   67         SH:  0    Dex: 10    Spells: 2/5 levels left

rFire    . . .     SeeInvis .     - Unarmed
rCold    . . .     Gourm    +   (no shield)
rNeg     . . .     Faith    .   c - +0 robe
rPois    .         Spirit   .   (helmet restricted)
rElec    .         Reflect  .   (no cloak)
rCorr    .         Harm     .   (gloves unavailable)
MR       .....                  (boots unavailable)
Stlth    +.........             (no amulet)
HPRegen  0.53/turn              (no ring)
MPRegen  0.09/turn              (no ring)

@: no status effects
A: large, unfitting armour, claws 3, fast metabolism 3, gourmand, regeneration
1, shaggy fur 1, tough skin 3
a: no special abilities


You were on level 2 of the Dungeon.
You were completely stuffed.

You visited 1 branch of the dungeon, and saw 2 of its levels.

You collected 67 gold pieces.

Inventory:

Missiles
 b - 166 stones (quivered)
 j - 20 poisoned darts
Armour
 c - a +0 robe (worn)
Scrolls
 e - a scroll of identify {unknown}
 f - a scroll of blinking {unknown}
 i - a scroll of magic mapping {unknown}
Potions
 a - a potion of berserk rage {unknown}
 g - 2 potions of curing
 h - a potion of haste {unknown}
 k - a potion of lignification {unknown}
Comestibles
 d - 2 rations


   Skills:
 * Level 1.0 Fighting
 - Level 1.5 Dodging
 - Level 1.0 Stealth
 * Level 2.4 Unarmed Combat
 + Level 1.4 Spellcasting
 * Level 1.1 Transmutations
 + Level 3.2 Earth Magic


You had 2 spell levels left.
You knew the following spells:

 Your Spells              Type           Power        Failure   Level  Hunger
a - Sandblast             Erth           #.....       9%          1    ##.....
b - Passwall              Tmut/Erth      #.......     19%         2    ###....

Your spell library contained the following spells:

 Spells                   Type           Power        Failure   Level  Hunger
 Stone Arrow              Conj/Erth      #.....       43%         3    ####...
 Petrify                  Tmut/Erth      #.......     77%         4    #####..
 Lee's Rapid Deconstruct  Erth           #.........   92%         5    ######.


Dungeon Overview and Level Annotations

Branches:
Dungeon (2/15)

Altars:

Annotations:
D:2 Jessica


Innate Abilities, Weirdness & Mutations

You are too large for most types of armour.
You have claws for hands.
Your metabolism is lightning-fast.
You like to eat raw meat.
Your natural rate of healing is unusually fast.
You are covered in fur. (AC +1)
You have extremely tough skin. (AC +3)


Message History

You scratch the orc priest.
You kill the orc priest!
Your Fighting skill increases to level 1!
You have reached level 4!
The hobgoblin hits you but does no damage.
The orc hits you but does no damage.
Things that are here:
a +0 trident; a +0 leather armour The orc hits you but does no damage.
Found 7 gold pieces.
Found a scroll labeled XIRERHOTHI.
Jessica the Apprentice Sorceress comes into view.
She is wielding a -1 club.
Jessica shouts!
An adder comes into view.
You see here 7 gold pieces.
The adder hisses angrily.
Jessica shouts, "You're disturbing me!
I'll have to kill you!"
Jessica points at you and mumbles some strange words.
Pain shoots through your body!
You die...

##+##... #.......
#....... #......#
#......# #......#
#....?.#
#####.....@#
#......@.og#
######......#'#.#
#..............S#
#..)........$...#
#.)......###....#
#.)......#
#.....#
#........#
##....#
########## #....#


You could see an adder, Jessica, an orc and a hobgoblin.

Vanquished Creatures
  2 orc priests (D:2)
  A dart slug (D:1)
  An orc (D:2)
  A giant cockroach (D:1)
  6 goblins (D:1)
  6 hobgoblins (D:1)
  3 jackals (D:1)
  2 bats (D:1)
  2 kobolds (D:1)
  7 rats (D:1)
31 creatures vanquished.

Notes
Turn   | Place    | Note
-------+----------+-------------------------------------------
     0 | D:1      | ennui the Troll Earth Elementalist began the quest for the
                  | Orb.
     0 | D:1      | Reached XP level 1. HP: 16/16 MP: 1/1
   111 | D:1      | Reached skill level 3 in Earth Magic
   111 | D:1      | Reached XP level 2. HP: 17/24 MP: 2/2
   135 | D:1      | Learned a level 2 spell: Passwall
   320 | D:1      | Reached skill level 1 in Unarmed Combat
   507 | D:1      | Reached XP level 3. HP: 32/32 MP: 4/4
   712 | D:2      | Reached skill level 1 in Transmutations
   731 | D:2      | Reached skill level 1 in Fighting
   731 | D:2      | Reached XP level 4. HP: 4/41 MP: 5/5
   738 | D:2      | Noticed Jessica
   746 | D:2      | Killed from afar by Jessica

Illustrated notes

Levels and vault maps discovered:
D:1:      mrwooster_arrival_arrow, layout_basic
D:2:      layout_basic, uniq_jessica

Skill      XL: |  1  2  3 |
---------------+----------+-----
Earth Magic    | 3 |  3.2
Unarmed Combat | 1 2 |  2.4
Transmutations | 1 |  1.1
Fighting       | 1 |  1.0
Dodging        | |  1.5
Stealth        | |  1.0
Spellcasting   | |  1.4

Action                   |  1- 3 |  4- 6 || total
-------------------------+-------+-------++-------
Melee: Unarmed           |    97 |       ||    97
  Use: Potion            |     1 |       ||     1
 Stab: Sleeping          |     4 |       ||     4
  Eat: Chunk             |    12 |       ||    12
Armor: Robe              |    52 |     2 ||    54
Dodge: Dodged            |    64 |       ||    64
